 Dungeon Crawl Stone Soup version 0.28.0 (webtiles) character file.

Game seed: 3212661667807612092

6875 catcat the Carver (level 11, -7/58 HPs)
             Began as a Vine Stalker Fighter on Feb 14, 2022.
             Was a Believer of Uskayaw.
             Mangled by an eight-headed hydra (9 damage)
             ... on level 11 of the Dungeon.
             The game lasted 00:32:39 (9877 turns).

catcat the Carver (Vine Stalker Fighter)            Turns: 9877, Time: 00:32:40

Health: -7/58      AC: 11    Str: 20    XL:     11   Next: 6%
Magic:  0/15       EV:  9    Int:  8    God:    Uskayaw [**....]
Gold:   366        SH: 10    Dex: 17    Spells: 10/10 levels left

rFire   . . .      SeeInvis .   r - +0 short sword (drain)
rCold   . . .      Faith    .   c - +0 buckler
rNeg    . . .      Spirit   +   x - +1 chain mail
rPois   .          Reflect  +   (no helmet)
rElec   .          Harm     .   R - +0 cloak
rCorr   .          Rampage  .   (no gloves)
Will    ++...                   (no boots)
Stlth   ..........              N - amulet of reflection
HPRegen 0.99/turn               k - ring of willpower
MPRegen 0.14/turn               l - +4 ring of slaying

@: about to teleport
A: fangs 3, regeneration 1, magic shield, antimagic bite, no potion heal 2
a: Renounce Religion, Stomp, Line Pass


You were on level 11 of the Dungeon.
You worshipped Uskayaw.
Uskayaw was noncommittal.
You visited 2 branches of the dungeon, and saw 12 of its levels.

You collected 366 gold pieces.

Inventory:

Hand Weapons
 a - a +0 long sword
 e - a +0 short sword
 g - a +0 falchion
 r - a +0 short sword of draining (weapon)
 F - a +4 dagger
 G - a +3 scimitar
 J - a +0 falchion of electrocution
Missiles
 m - 63 poisoned darts (quivered)
Armour
 b - a +0 scale mail
 c - a +0 buckler (worn)
 o - +0 steam dragon scales
 s - a +0 pair of gloves
 x - a +1 chain mail (worn)
 A - +0 swamp dragon scales
 Q - an orb of mayhem
 R - a +0 cloak (worn)
Jewellery
 f - a +4 ring of evasion
 k - a ring of willpower (left hand)
 l - a +4 ring of slaying (right hand)
 p - a ring of protection from fire
 y - an amulet of faith
 H - a +6 ring of intelligence
 I - a ring of resist corrosion
 N - an amulet of reflection (around neck)
Wands
 z - a wand of iceblast (20)
 D - a wand of acid (7)
 M - a wand of flame (5)
Scrolls
 h - a scroll of vulnerability
 j - a scroll of immolation
 q - 6 scrolls of identify
 t - 2 scrolls of amnesia
 v - 2 scrolls of teleportation
 B - a scroll of magic mapping
 C - a scroll of torment
 E - a scroll of fear
 K - a scroll of fog {unknown}
 O - a scroll of blinking {unknown}
 S - a scroll of silence
Potions
 d - 2 potions of flight
 i - a potion of attraction
 n - 2 potions of heal wounds
 u - a potion of might
 w - 4 potions of curing
 L - a potion of magic {unknown}
 P - a potion of ambrosia {unknown}


   Skills:
 - Level 7.2 Fighting
 - Level 11.0 Long Blades
 - Level 4.0 Armour
 * Level 4.7 Dodging
 - Level 4.0 Shields
 - Level 5.0 Invocations


You had 10 spell levels left.
You didn't know any spells.
Your spell library contained the following spells:

 Spells                   Type           Power      Damage    Failure   Level
 Sting                    Tmut/Pois      0%         1d3       99%         1
 Poisonous Vapours        Pois/Air       0%         N/A       100%        2
 Dazzling Flash           Conj/Hex       0%         N/A       100%        3
 Frozen Ramparts          Ice            0%         1d2       100%        3
 Summon Guardian Golem    Hex/Summ       0%         N/A       100%        3
 Cause Fear               Hex            0%         N/A       100%        4
 Ice Form                 Ice/Tmut       0%         N/A       100%        4
 Olgreb's Toxic Radiance  Pois           0%         N/A       100%        4
 Summon Ice Beast         Ice/Summ       0%         N/A       100%        4
 Agony                    Necr           0%         N/A       100%        5
 Silence                  Hex/Air        0%         N/A       100%        5
 Dragon Form              Tmut           0%         N/A       100%        7
 Orb of Destruction       Conj           0%         9d5       100%        7
 Spellforged Servitor     Conj/Summ      0%         N/A       100%        7
 Dragon's Call            Summ           0%         N/A       100%        9


Dungeon Overview and Level Annotations

Branches:
Dungeon (11/15)            Temple (1/1) D:5            Lair (0/6) D:11
    Orc (0/2) D:9

Altars:
Ashenzari
Cheibriados
Dithmenos
Elyvilon
Fedhas
Gozag
Hepliaklqana
Kikubaaqudgha
Makhleb
Nemelex Xobeh
Okawaru
Qazlal
Ru
Sif Muna
Trog
Uskayaw
Vehumet
Wu Jian
Xom
Yredelemnul
Zin
The Shining One
Beogh


Innate Abilities, Weirdness & Mutations

You have razor-sharp teeth.
Your natural rate of healing is unusually fast.
When hurt, damage is shared between your health and your magic reserves.
Your bite disrupts and absorbs the magic of your enemies.
Potions cannot restore your health.


Message History

You kill the orc wizard!
A vampire mosquito comes into view.
The vampire mosquito buzzes angrily.
You hear a shout! x3
You block the troll's attack. The troll claws you but does no damage.
The troll claws you.
A meliai zombie comes into view.
A cyclops comes into view.
Items here: $ ) [ †.
A gnoll sergeant comes into view. It is wielding a +0 falchion.
The troll bites you but does no damage. You block the troll's attack. x2
The eight-headed hydra bites you!
The eight-headed hydra barely misses you.
The eight-headed hydra bites you. x2
The eight-headed hydra closely misses you.
The eight-headed hydra bites you. The eight-headed hydra bites you!
The eight-headed hydra bites you.
Unknown command.
You sense an unholy aura.
r - a +0 short sword of draining (weapon)
You block the troll's attack. The troll barely misses you.
The troll claws you but does no damage. The troll bites you!
The troll closely misses you. You block the troll's attack.
Items here: $ ) [ †.
As you read the scroll of teleportation, it crumbles to dust.
You feel strangely unstable.
You block the vampire mosquito's attack.
An orc wizard comes into view. It is wielding a +0 dagger.
The vampire mosquito bites you.
* * * LOW HITPOINT WARNING * * *
The vampire mosquito draws strength from your injuries!
The eight-headed hydra bites you.
* * * LOW HITPOINT WARNING * * *
The eight-headed hydra closely misses you.
The eight-headed hydra bites you but does no damage.
The eight-headed hydra bites you!
* * * LOW HITPOINT WARNING * * *
The eight-headed hydra bites you.
* * * LOW HITPOINT WARNING * * *
The eight-headed hydra bites you!
You die...

## . ##########. .#
#...#≈≈≈≈≈≈ .##
#####......# #
..####...).#@y..# #
#.#..))####≈TD..# #
#.#.#### #≈..DZg..#
#####.#.#######≈###......
...............≈# ...C..
###...########.≈# ..≈≈≈
....#.# ..≈# ..≈8≈
.#......... ..#≈. o≈≈≈
##.##.######## .###


You could see an eight-headed hydra, a cyclops, a troll, an acid dragon, a
vampire mosquito, a gnoll sergeant, an orc wizard and a meliai zombie.

Vanquished Creatures
  2 two-headed ogres
  Maggie (D:6)
  3 trolls
  Grinder (D:2)
  A shadow (D:11)
  A water elemental (D:11)
  Grum (D:10)
  A steam dragon (D:6)
  An acid dragon (D:10)
  A water moccasin (D:6)
  An ice beast (D:6)
  2 hornet zombies
  3 black bears
  6 wolves
  An ogre (D:4)
  3 centaurs
  5 kobold brigands
  2 bullfrogs
  A scorpion (D:5)
  A water moccasin skeleton (D:5)
  6 killer bees (D:9)
  5 wights (D:8)
  2 centaur zombies
  A bullfrog skeleton (D:3)
  6 orc priests
  4 hounds
  2 jellies
  4 iguanas
  Natasha (thrice) (D:2)
  11 orc wizards
  A hound zombie (D:5)
  A hound skeleton (D:4)
  A howler monkey zombie (D:7)
  A howler monkey skeleton (D:6)
  6 adders
  A shadow imp (D:3)
  2 ufetubi
  An adder skeleton (D:4)
  3 worms
  6 dart slugs
  34 orcs
  5 ball pythons
  6 endoplasms
  4 giant cockroaches
  6 goblins
  5 hobgoblins
  6 quokkas
  7 bats
  4 frilled lizards
  27 kobolds
  6 rats
  A spectral goblin (D:2)
216 creatures vanquished.

Vanquished Creatures (others)
  13 plants (D:7)
13 creatures vanquished.

Grand Total: 229 creatures vanquished

Notes
Turn   | Place    | Note
-------+----------+-------------------------------------------
     0 | D:1      | catcat the Vine Stalker Fighter began the quest for the
                  | Orb.
     0 | D:1      | Reached XP level 1. HP: 11/11 MP: 2/2
   222 | D:1      | Reached skill level 2 in Long Blades
   259 | D:1      | Reached XP level 2. HP: 11/16 MP: 0/3
  1103 | D:2      | Noticed a black bear
  1312 | D:2      | Killed a black bear
  1313 | D:2      | Reached skill level 3 in Long Blades
  1313 | D:2      | Reached skill level 1 in Dodging
  1313 | D:2      | Reached XP level 3. HP: 2/20 MP: 0/4
  1313 | D:2      | Gained mutation: Your natural rate of healing is unusually
                  | fast. [Vine Stalker growth]
  1313 | D:2      | Reached XP level 4. HP: 3/24 MP: 0/5
  1416 | D:2      | Reached XP level 5. HP: 28/28 MP: 6/6
  1440 | D:2      | Found a faded altar of an unknown god.
  1757 | D:2      | Noticed Natasha
  1765 | D:2      | Killed Natasha
  2155 | D:3      | Noticed Grinder
  2174 | D:2      | Noticed Natasha
  2183 | D:2      | Killed Natasha
  2184 | D:2      | Reached skill level 4 in Long Blades
  2225 | D:2      | Noticed Natasha
  2229 | D:2      | Killed Natasha
  2230 | D:2      | Reached XP level 6. HP: 32/32 MP: 7/7
  2462 | D:2      | Killed Grinder
  2463 | D:2      | Reached skill level 5 in Long Blades
  2463 | D:2      | Reached XP level 7. HP: 36/36 MP: 8/8
  3138 | D:3      | Reached skill level 6 in Long Blades
  3729 | D:4      | Reached skill level 7 in Long Blades
  3973 | D:4      | Gained mutation: You have razor-sharp teeth. [Vine Stalker
                  | growth]
  3973 | D:4      | Reached XP level 8. HP: 18/42 MP: 6/9
  4019 | D:4      | Found a hazy altar of Hepliaklqana.
  4257 | D:5      | Entered Level 5 of the Dungeon
  4305 | D:5      | Found a staircase to the Ecumenical Temple.
  4318 | Temple   | Entered the Ecumenical Temple
  4558 | Temple   | Became a worshipper of Uskayaw the Reveller
  4601 | D:5      | Reached * piety under Uskayaw
  4614 | D:5      | Reached skill level 1 in Invocations
  4615 | D:5      | Reached ** piety under Uskayaw
  4978 | D:6      | Reached *** piety under Uskayaw
  5257 | D:6      | Reached skill level 8 in Long Blades
  5623 | D:6      | Reached XP level 9. HP: 35/45 MP: 12/12
  5665 | D:6      | Noticed Maggie
  6068 | D:6      | Killed Maggie
  6069 | D:6      | Reached skill level 5 in Fighting
  7249 | D:8      | Reached **** piety under Uskayaw
  7255 | D:8      | Reached ***** piety under Uskayaw
  7261 | D:8      | Reached ****** piety under Uskayaw
  7262 | D:8      | Reached skill level 9 in Long Blades
  8352 | D:9      | Reached XP level 10. HP: 37/51 MP: 11/14
  8425 | D:9      | Noticed a two-headed ogre
  8431 | D:9      | Killed a two-headed ogre
  8432 | D:9      | Reached skill level 10 in Long Blades
  8505 | D:9      | Found a staircase to the Orcish Mines.
  8621 | D:10     | Entered Level 10 of the Dungeon
  8973 | D:10     | Reached skill level 11 in Long Blades
  9178 | D:10     | Noticed Grum
  9191 | D:10     | Killed Grum
  9275 | D:10     | Noticed a two-headed ogre
  9280 | D:10     | Killed a two-headed ogre
  9281 | D:10     | Reached skill level 5 in Invocations
  9764 | D:11     | Found a staircase to the Lair.
  9786 | D:11     | Reached XP level 11. HP: 42/58 MP: 12/15
  9871 | D:11     | Noticed an eight-headed hydra
  9873 | D:11     | Noticed a cyclops
  9877 | D:11     | HP: 2/58 [eight-headed hydra (4)]
  9877 | D:11     | Mangled by an eight-headed hydra

Illustrated notes

Levels and vault maps discovered:
D:1:      matt_arrival_refuge, layout_basic
D:2:      layout_basic, dreamdust_ecumenical_altar_drowned_temple,
          minmay_heptomino_l4, uniq_natasha
D:3:      layout_basic, moated_statue, uniq_grinder
D:4:      layout_rooms, old_standard_altar
D:5:      layout_basic, minmay_temple_entry_trees
D:6:      layout_basic, kennysheep_windowed_goal, uniq_maggie
D:7:      layout_layer_cave, serial_bayou, serial_bayou_lake_a,
          serial_bayou_pond_a, serial_bayou_lagoon_a, serial_bayou_crossing
D:8:      layout_loops_corners
D:9:      layout_basic, minmay_orc_entry_temple_small
D:10:     layout_grid_maze, uniq_grum
D:11:     cheibrodos_ideogram_h, layout_rooms, erik_lair_island, uniq_erica
Temple:   mainiacjoe_temple_hex_bubbles

Skill      XL: |  1  2  3  4  5  6  7  8  9 10 |
---------------+-------------------------------+-----
Fighting       | 3 4 5 7 |  7.2
Long Blades    | 2 3 4 5 7 8 9 11 | 11.0
Dodging        | 2 4 |  4.7
Armour         | 3 4 |  4.0
Invocations    | 3 4 5 |  5.0
Shields        | 4 |  4.0

Action                   |  1- 3 |  4- 6 |  7- 9 | 10-12 || total
-------------------------+-------+-------+-------+-------++-------
Melee: Long sword        |     7 |       |    43 |       ||    50
       Falchion          |    39 |    80 |   209 |    45 ||   373
       Bite              |    10 |    24 |    91 |    29 ||   154
       Scimitar          |       |       |    54 |    40 ||    94
       Dagger            |       |       |     1 |     7 ||     8
Throw: Dart              |       |       |    11 |       ||    11
Invok: Stomp             |       |       |     1 |       ||     1
       Line Pass         |       |       |     1 |       ||     1
  Use: Potion            |     1 |       |     4 |       ||     5
       Scroll            |       |     3 |    15 |     1 ||    19
 Stab: Paralysed         |       |       |     6 |     9 ||    15
       Confused          |       |       |     1 |       ||     1
Armor: Scale mail        |    22 |    13 |     1 |       ||    36
       Chain mail        |       |       |   126 |    39 ||   165
Dodge: Dodged            |    39 |    51 |   174 |    40 ||   304
Block: Buckler           |    10 |    12 |    77 |    50 ||   149
       Reflection        |       |       |       |     2 ||     2
